 Dungeon Sprint DCSS version 0.18.1-48-g4cf74bf (webtiles) character file.

818 Groucho the Basher (level 7, -5/50 HPs)
             Began as a Gargoyle Fighter on Aug 23, 2016.
             Was a Believer of Makhleb.
             Slain by a hill giant
             ... wielding a +0 giant spiked club
              (17 damage)
             ... in the Dungeon (Sprint IX: "|||||||||||||||||||||||||||||").
             The game lasted 00:03:27 (1052 turns).

Groucho the Basher (Gargoyle Fighter)               Turns: 1052, Time: 00:03:27

Health: -5/50      AC: 16    Str: 25    XL:     7   Next: 94%
Magic:  7/7        EV:  9    Int:  8    God:    Makhleb [**....]
Gold:   0          SH: 12    Dex: 12    Spells: 0 memorised, 6 levels left

rFire  . . .     SeeInvis .     a - +0 flail
rCold  . . .     Gourm    .     b - +2 ring mail
rNeg   + . .     Faith    .     c - +0 shield
rPois  ∞         Spirit   .     r - +0 helmet
rElec  +         Dismiss  .     (no cloak)
rCorr  .         Reflect  .     (no gloves)
SustAt .         Harm     .     q - +0 pair of boots
MR     .....     NoTele   +     (no amulet)
Stlth  +.........               t - +3 ring of dexterity
                                s - +3 ring of strength

@: not resistant to hostile enchantments, very unstealthy
A: negative energy resistance 1, electricity resistance, unbreathing,
petrification resistance, rot immunity, AC +4
a: Minor Destruction, Renounce Religion


You were in the Dungeon.
You worshipped Makhleb.
Makhleb was pleased with you.
You were not hungry.

You visited 1 branch

Inventory:

Hand Weapons
 a - a +0 flail (weapon)
 o - a +2 dire flail of draining
 p - a +2 vampiric halberd
Armour
 b - a +2 ring mail (worn)
 c - a +0 shield (worn)
 q - a +0 pair of boots (worn)
 r - a +0 helmet (worn)
Jewellery
 s - a +3 ring of strength (left hand)
 t - a +3 ring of dexterity (right hand)
Wands
 n - a wand of iceblast (7/15)
Scrolls
 k - 2 scrolls of blinking
 l - 3 scrolls of remove curse
 m - 2 scrolls of amnesia
Potions
 d - a potion of might
 e - a potion of invisibility
 h - 4 potions of curing
 i - 4 potions of magic


   Skills:
 + Level 8.8 Fighting
 * Level 10.8 Maces & Flails
 + Level 9.0 Armour
 + Level 8.9 Shields


You had 6 spell levels left.
You didn't know any spells.

Dungeon Overview and Level Annotations

Branches:
Dungeon (1/1)

Altars:
Cheibriados
Dithmenos
Elyvilon
Fedhas
Gozag
Kikubaaqudgha
Makhleb
Nemelex Xobeh
Okawaru
Pakellas
Qazlal
Ru
Sif Muna
Trog
Vehumet
Xom
Yredelemnul
Zin
The Shining One
Beogh
Jiyva
Lugonu


Innate Abilities, Weirdness & Mutations

You are resistant to torment.
Your stone body is resilient (AC +4).
You are immune to poison.
You resist negative energy.
You are resistant to electric shocks.
You can survive without breathing.
You are immune to petrification.
You are immune to rotting.


Message History

* * * LOW HITPOINT WARNING * * *
You are too injured to fight recklessly!
Unknown command.
You are too injured to fight recklessly!
Unknown command.
You are too injured to fight recklessly!
Unknown command.
You are too injured to fight recklessly!
Unknown command.
You are too injured to fight recklessly!
You are too injured to fight recklessly!
Unknown command.
You are too injured to fight recklessly!
Unknown command.
You hit the hill giant.
The hill giant is almost dead.
You thump the hill giant!
The hill giant is almost dead.
The hill giant hits you with a giant spiked club!
You die... ▓▓▓▓▓▓▓▓▓▓▓▓▓▓▓▓▓▓▓▓▓▓▓▓ '..|).[...'.....@CZ.hH.. ▓▓▓▓▓▓▓▓▓▓▓▓▓▓▓▓▓▓▓▓▓▓▓▓

You could see a hill giant, a manticore, a black bear and a giant gecko skeleton.

Vanquished Creatures
  2 wyverns (D)
  A wraith (D)
  A hungry ghost (D)
  A giant frog (D)
  A killer bee (D)
  A crimson imp (D)
  A hound (D)
  A jelly (D)
  2 worker ants (D)
  A giant cockroach (D)
  A goblin (D)
  A hobgoblin (D)
  A jackal (D)
  A ball python (D)
  A rat (D)
17 creatures vanquished.

Notes
Turn   | Place    | Note
--------------------------------------------------------------
     0 | D        | Groucho the Gargoyle Fighter began the quest for the Orb.
     0 | D        | Reached XP level 1. HP: 14/14 MP: 1/1
    35 | D        | Reached skill level 3 in Maces & Flails
   145 | D        | Noticed a worker ant
   145 | D        | Noticed a hound
   145 | D        | Noticed a jelly
   145 | D        | Noticed a worker ant
   159 | D        | Killed a worker ant
   159 | D        | Reached skill level 4 in Maces & Flails
   159 | D        | Reached XP level 2. HP: 14/20 MP: 2/2
   159 | D        | Reached XP level 3. HP: 16/24 MP: 3/3
   175 | D        | Reached skill level 5 in Maces & Flails
   175 | D        | Reached XP level 4. HP: 21/30 MP: 4/4
   180 | D        | Reached skill level 5 in Fighting
   180 | D        | Reached skill level 5 in Armour
   180 | D        | Reached skill level 5 in Shields
   193 | D        | Reached skill level 6 in Maces & Flails
   692 | D        | Found a glowing silver altar of Zin.
   692 | D        | Found a glowing golden altar of the Shining One.
   692 | D        | Found an ancient bone altar of Kikubaaqudgha.
   692 | D        | Found a basalt altar of Yredelemnul.
   692 | D        | Found a shimmering altar of Xom.
   692 | D        | Found a radiant altar of Vehumet.
   693 | D        | Found an iron altar of Okawaru.
   694 | D        | Found a burning altar of Makhleb.
   695 | D        | Found a deep blue altar of Sif Muna.
   696 | D        | Found a bloodstained altar of Trog.
   697 | D        | Found a sparkling altar of Nemelex Xobeh.
   698 | D        | Found a white marble altar of Elyvilon.
   699 | D        | Found a roughly hewn altar of Beogh.
   700 | D        | Found a viscous altar of Jiyva.
   701 | D        | Found a corrupted altar of Lugonu.
   702 | D        | Became a worshipper of Makhleb the Destroyer
   703 | D        | Found a blossoming altar of Fedhas.
   704 | D        | Found a snail-covered altar of Cheibriados.
   705 | D        | Found a shadowy altar of Dithmenos.
   706 | D        | Found a stormy altar of Qazlal.
   707 | D        | Found an opulent altar of Gozag.
   708 | D        | Found a sacrificial altar of Ru.
   709 | D        | Found an oddly glowing altar of Pakellas.
   760 | D        | Noticed a wyvern
   760 | D        | Noticed a giant frog
   760 | D        | Noticed a hungry ghost
   760 | D        | Noticed a wyvern
   771 | D        | Killed a wyvern
   771 | D        | Reached skill level 8 in Maces & Flails
   771 | D        | Reached XP level 5. HP: 21/37 MP: 5/5
   771 | D        | Reached XP level 6. HP: 24/42 MP: 6/6
   774 | D        | Reached * piety under Makhleb
   777 | D        | Killed a hungry ghost
   777 | D        | Reached skill level 9 in Maces & Flails
   777 | D        | Reached XP level 7. HP: 28/48 MP: 7/7
   787 | D        | Killed a wyvern
   787 | D        | Reached ** piety under Makhleb
   787 | D        | Reached skill level 10 in Maces & Flails
  1034 | D        | Noticed a wraith
  1034 | D        | Noticed a hill giant
  1034 | D        | Noticed a manticore
  1039 | D        | Killed a wraith
  1052 | D        | Slain by a hill giant

Skill      XL: |  1  2  3  4  5  6  7 |
---------------+----------------------+-----
Maces & Flails | 4 5 8 9 10 | 10.8
Fighting       | 4 6 7 8 |  8.8
Armour         | 4 6 7 9 |  9.0
Shields        | 4 6 7 8 |  8.9

Action                   |  1- 3 |  4- 6 |  7- 9 || total
-------------------------+-------+-------+-------++-------
Melee: Flail             |    60 |    33 |    28 ||   121
  Use: Potion            |     2 |     1 |     3 ||     6
  Eat: Bread ration      |       |       |     1 ||     1
       Chunk             |       |       |     1 ||     1
Armor: Scale mail        |    25 |     1 |       ||    26
       Ring mail         |       |     3 |     5 ||     8
Dodge: Dodged            |    12 |     6 |     7 ||    25
Block: Shield            |    37 |    13 |    12 ||    62
